 Dungeon Crawl Stone Soup version 0.30-a0-715-gdb4ae3ece1 (webtiles) character file.

Game seed: 9450964298583466711

302444 Turgor the Black Belt (level 20, 0/184 HPs)
             Began as a Demonspawn Gladiator on Jan 20, 2023.
             Was an Initiate of Gozag.
             Killed from afar by an ironbound thunderhulk (57 damage)
             ... with a bolt of lightning
             ... on level 3 of the Vaults on Jan 23, 2023.
             The game lasted 05:10:15 (47883 turns).

Turgor the Black Belt (Demonspawn Gladiator)       Turns: 47883, Time: 05:10:15

Health: 0/184      AC: 27    Str: 19    XL:     20   Next: 21%
Magic:  24/24      EV: 24    Int: 12    God:    Gozag
Gold:   8179       SH:  0    Dex: 17    Spells: 23/24 levels left

rFire   + . .      SeeInvis +      - Unarmed
rCold   + + .      Faith    .    (no shield)
rNeg    . . .      Spirit   .    I - +4 chain mail {rF+}
rPois   .          Reflect  .    (helmet unavailable)
rElec   .          Harm     .    L - +1 cloak of the Sky {rC+}
rCorr   .          Rampage  .    M - +1 pair of gloves {hurl}
Will    ++...                    K - +1 pair of boots {Fly} Stlth
                                 b - amulet of Baaxuh {Acrobat Regen+}
HPRegen 1.30/turn                S - ring of protection from cold
MPRegen 0.19/turn                W - ring of Qigheabb {Will+ Str+3 Int-3 SInv}

@: acrobatic, flying, studying 3 skills
A: horns 3, rugged brown scales 3, foul stench 2, spiny 3
}: 2/15 runes: barnacled, gossamer
a: Renounce Religion, Potion Petition, Call Merchant, Bribe Branch


You were on level 3 of the Vaults.
You worshipped Gozag.
Gozag was greatly pleased with you.
You visited 7 branches of the dungeon, and saw 34 of its levels.
You visited the Abyss 2 times.
You also visited: Trove, Bailey, Gauntlet, Ice Cave and Volcano.

You collected 17928 gold pieces.
You spent 4158 gold pieces at shops.
You paid 5591 gold pieces to Gozag.

Inventory:

Hand Weapons
 J - the +7 dagger of Bloody Death {heavy, +Blink rF+ Int+3 Dex+3}
   (You took it off an orc priest on level 11 of the Dungeon)

   Int:       It affects your intelligence (+3).
   Dex:       It affects your dexterity (+3).
   rF:        It protects you from fire.
   +Blink:    It lets you blink.
 X - the +5 whip of Chance {antimagic, Fragile Fly rC+++ Stlth+}
   (You found it on level 2 of the Spider Nest)

   rC:        It renders you almost immune to cold.
   Fly:       It grants you flight.
   Fragile:   It will be destroyed if unequipped.
   Stlth:     It makes you more stealthy.
Missiles
 d - 28 boomerangs
 e - 7 javelins
 g - a throwing net
 m - 20 poisoned darts (quivered)
 Q - 10 silver javelins
Armour
 I - a +4 chain mail of fire resistance (worn)
 K - a +1 pair of boots of flying (worn)
 L - the +1 cloak of the Sky (worn) {rC+}
   (You bought it in a shop on level 1 of the Lair of Beasts)

   rC:        It protects you from cold.
 M - a +1 pair of gloves of hurling (worn)
Magical Staves
 x - a staff of poison
 B - a staff of conjuration
 G - a staff of death
Jewellery
 b - the amulet of Baaxuh (around neck) {Acrobat Regen+}
   (You bought it in a shop on level 3 of the Lair of Beasts)

   [amulet of the acrobat]

   It increases your evasion while moving and waiting.
   Regen:     It increases your rate of health regeneration.
 q - the ring "Ruos" {rN+ Str+5}
   (You bought it in a shop on level 3 of the Lair of Beasts)

   [ring of positive energy]

   Str:       It affects your strength (+5).
   rN:        It protects you from negative energy.
 r - the amulet "Pott" {Drain rN+ Regen+ rCorr Int+6}
   (You found it on level 3 of the Shoals)

   [amulet of regeneration]

   Int:       It affects your intelligence (+6).
   rN:        It protects you from negative energy.
   Regen:     It increases your rate of health regeneration.
   rCorr:     It protects you from acid and corrosion.
   Drain:     It drains your maximum health when unequipped.
 F - the ring "Yqib" {rElec rPois rF++ rN+ MP-9}
   (You bought it in a shop on level 3 of the Lair of Beasts)

   [ring of positive energy]

   rF:        It greatly protects you from fire.
   rElec:     It insulates you from electricity.
   rPois:     It protects you from poison.
   rN:        It protects you from negative energy.
   MP:        It affects your magic capacity (-9).
 S - a ring of protection from cold (left hand)
 W - the ring of Qigheabb (right hand) {Will+ Str+3 Int-3 SInv}
   (You found it on level 3 of the Lair of Beasts)

   [ring of see invisible]

   Str:       It affects your strength (+3).
   Int:       It affects your intelligence (-3).
   SInv:      It lets you see invisible.
   Will:      It increases your willpower.
Wands
 p - a wand of flame (11)
 w - a wand of roots (5)
 V - a wand of acid (6)
Scrolls
 i - 13 scrolls of teleportation
 n - 2 scrolls of fog
 t - 4 scrolls of enchant armour
 y - 5 scrolls of silence
 z - a scroll of amnesia
 C - 2 scrolls of poison
 D - 6 scrolls of blinking
 N - 2 scrolls of summoning
 R - 6 scrolls of fear
Potions
 a - 3 potions of resistance
 c - 6 potions of brilliance
 f - 8 potions of ambrosia
 j - a potion of magic
 k - a potion of cancellation
 l - 9 potions of haste
 o - 4 potions of attraction
 s - 10 potions of heal wounds
 u - 14 potions of curing
 v - 5 potions of invisibility
 E - 7 potions of flight
 P - 7 potions of mutation
 Y - 2 potions of might
 Z - 3 potions of berserk rage
Miscellaneous
 h - a lightning rod (2/4)
 A - a condenser vane (inert)
 H - a phial of floods (inert)
 O - a phantom mirror
 T - a box of beasts (inert)
 U - a tin of tremorstones (1/2)


   Skills:
 + Level 18.8 Fighting
 - Level 4.4 Axes
 + Level 13.7 Throwing
 + Level 13.7 Armour
 - Level 3.0 Dodging
 + Level 20.2 Unarmed Combat
 - Level 2.7 Spellcasting
 - Level 2.7 Translocations
 - Level 12.0 Evocations


You had 23 spell levels left.
You knew the following spells:

 Your Spells              Type           Power      Damage    Failure   Level
a - Apportation           Tloc           16%        N/A       45%         1

Your spell library contained the following spells:

 Spells                   Type           Power      Damage    Failure   Level
 Foxfire                  Conj/Fire      4%         2x1d4     83%         1
 Magic Dart               Conj           4%         1d3       83%         1
 Necrotise                Necr           4%         1d4       83%         1
 Slow                     Hex            4%         N/A       83%         1
 Sting                    Tmut/Pois      4%         1d3       83%         1
 Summon Small Mammal      Summ           4%         N/A       83%         1
 Cigotuvi's Dreadful Rot  Necr/Pois/Air  2%         N/A       93%         2
 Ensorcelled Hibernation  Hex/Ice        2%         N/A       93%         2
 Poisonous Vapours        Pois/Air       2%         N/A       93%         2
 Kindle Blastsparks       Fire/Tloc/Air  6%         2d10      97%         3
 Call Canine Familiar     Summ           1%         N/A       99%         3
 Confusing Touch          Hex            1%         N/A       99%         3
 Dazzling Flash           Conj/Hex       2%         N/A       99%         3
 Frozen Ramparts          Ice            2%         1d1       99%         3
 Ignite Poison            Fire/Tmut/Pois 1%         N/A       99%         3
 Mephitic Cloud           Conj/Pois/Air  1%         N/A       99%         3
 Spider Form              Tmut/Pois      1%         N/A       99%         3
 Stone Arrow              Conj/Erth      2%         3d7       99%         3
 Summon Guardian Golem    Hex/Summ       1%         N/A       99%         3
 Tukima's Dance           Hex            1%         N/A       99%         3
 Vampiric Draining        Necr           1%         2d6       99%         3
 Manifold Assault         Tloc           8%         N/A       99%         4
 Passage of Golubria      Tloc           8%         N/A       99%         4
 Anguish                  Hex/Necr       0%         N/A       100%        4
 Animate Armour           Summ/Erth      2%         N/A       100%        4
 Ice Form                 Ice/Tmut       1%         N/A       100%        4
 Olgreb's Toxic Radiance  Pois           1%         N/A       100%        4
 Sticky Flame             Conj/Fire      1%         2d3       100%        4
 Summon Ice Beast         Ice/Summ       1%         N/A       100%        4
 Agony                    Necr           1%         N/A       100%        5
 Alistair's Intoxication  Tmut/Pois      0%         N/A       100%        5
 Blade Hands              Tmut           0%         N/A       100%        5
 Borgnjor's Vile Clutch   Necr/Erth      0%         N/A       100%        5
 Fireball                 Conj/Fire      0%         3d3       100%        5
 Freezing Cloud           Conj/Ice/Air   0%         6-21      100%        5
 Irradiate                Conj/Tmut      0%         3d11      100%        5
 Lee's Rapid Deconstruct  Erth           0%         3d4*      100%        5
 Silence                  Hex/Air        0%         N/A       100%        5
 Summon Forest            Summ/Tloc      2%         N/A       100%        5
 Yara's Violent Unravell  Hex/Tmut       0%         3d3       100%        5
 Dispersal                Tloc           4%         N/A       100%        6
 Eringya's Noxious Bog    Tmut/Pois      0%         N/A       100%        6
 Iron Shot                Conj/Erth      0%         9d1       100%        6
 Starburst                Conj/Fire      0%         6d3       100%        6
 Statue Form              Tmut/Erth      0%         N/A       100%        6
 Summon Cactus Giant      Summ           0%         N/A       100%        6
 Dragon Form              Tmut           0%         N/A       100%        7
 Haunt                    Necr/Summ      0%         N/A       100%        7
 Monstrous Menagerie      Summ           0%         N/A       100%        7
 Spellforged Servitor     Conj/Summ      0%         N/A       100%        7
 Summon Hydra             Summ           0%         N/A       100%        7
 Ignition                 Fire           0%         3d3       100%        8
 Infestation              Necr           0%         N/A       100%        8
 Lehudib's Crystal Spear  Conj/Erth      0%         10d2      100%        8
 Animate Dead             Necr           Unusable   N/A       N/A         4
 Simulacrum               Ice/Necr       Unusable   N/A       N/A         6

Dungeon Overview and Level Annotations

Branches:
Dungeon (15/15)            Temple (1/1) D:4            Lair (5/5) D:8
 Shoals (4/4) Lair:2       Spider (4/4) Lair:3        Slime (0/5) Lair:4
    Orc (2/2) D:11            Elf (0/3) Orc:2        Vaults (3/5) D:14
  Crypt (0/3) Vaults:2     Depths (0/4) D:15         Bailey (visited)
  IceCv (visited)         Volcano (visited)         Gauntlet (visited)

Altars:
Ashenzari
Cheibriados
Dithmenos
Fedhas
Gozag
Hepliaklqana
Kikubaaqudgha
Makhleb
Nemelex Xobeh
Okawaru
Qazlal
Ru
Sif Muna
Trog
Uskayaw
Vehumet
Wu Jian
Xom
Yredelemnul

Shops:
D:1 ==   D:3 [   D:8 :   Orc:2 [*[   Lair:1 [[?*   Lair:3 ==

Portals:
Hell: Lair:5

Annotations:
Shoals:1 2 transporters, exclusion: orange crystal statue
Spider:3 3 runed translucent doors, 2 exclusions, Duhoah Foli's ghost, adept AtWn


Innate Abilities, Weirdness & Mutations

You have a pair of large horns on your head.
You are completely covered in rugged brown scales. (AC +3, +7% HP)
You sometimes emit foul miasma when damaged in melee.
You are completely covered in sharp spines.


Message History

The white ugly thing misses you.
You pummel the white ugly thing!!
You kill the white ugly thing!
Your phantom mirror has recharged.
You now have 8179 gold pieces (gained 52).
There is an open door, spattered with blood here.
HP restored.
There is a broken door here.
There is an open door here.
An ironbound thunderhulk comes into view.
It is wielding a +0 dire flail.
The ironbound thunderhulk shouts!
Electricity crackles from the ironbound thunderhulk's apparatus.
The bolt of lightning hits you!!
An ironbound thunderhulk comes into view.
It is wielding a +0 dire flail.
The ironbound thunderhulk shouts!
You closely miss the ironbound thunderhulk.
You headbutt the ironbound thunderhulk, but do no damage.
Electricity crackles from the ironbound thunderhulk's apparatus.
The bolt of lightning hits you!!!
The ironbound thunderhulk hits you but does no damage.
You punch the ironbound thunderhulk!
The ironbound thunderhulk is lightly wounded.
You punch the ironbound thunderhulk! You headbutt the ironbound thunderhulk.
The ironbound thunderhulk is moderately wounded.
The ironbound thunderhulk is struck by your spines.
The ironbound thunderhulk barely misses you.
You punch the ironbound thunderhulk! You headbutt the ironbound thunderhulk.
The ironbound thunderhulk is severely wounded.
Electricity crackles from the ironbound thunderhulk's apparatus.
The bolt of lightning hits you!!!
You punch the ironbound thunderhulk!
The ironbound thunderhulk is almost dead.
Strange energies crackle from the ironbound thunderhulk's apparatus.
The ironbound thunderhulk blinks!
Electricity crackles from the ironbound thunderhulk's apparatus.
The bolt of lightning hits you!!
Electricity crackles from the ironbound thunderhulk's apparatus.
The bolt of lightning hits you!!!
You die...
Your body crumbles into a pile of gold.

#..#.# #..#### #'##'..#
..#.#..# . ###..#
######'##################
.........................
..................ยง......
................@........
.............O.......O...
.........................
.........................
.........................
##########++#########....
.... ..


You could see 2 ironbound thunderhulks.

Vanquished Creatures
  Margery (Vaults:2)
  Mlioglotl (Spider:4)
  Gastronok (Lair:1)
  A kraken (Shoals:1)
  2 tentacled starspawn (Abyss:2)
  A sphinx (Vaults:1)
  A storm dragon (Shoals:4)
  6 vault wardens
  3 ghost moths
  Aizul (Vaults:2)
  5 emperor scorpions
  A frost giant (Vaults:2)
  An orc warlord (Vaults:2)
  9 ironbound preservers
  3 broodmothers
  5 ironbound thunderhulks
  5 very ugly things
  7 dire elephants
  A deep elf annihilator (Vaults:1)
  2 minotaurs
  3 spark wasps
  2 merfolk javelineers (Shoals:4)
  8 merfolk impalers
  An ettin (Vaults:1)
  3 yaktaur captains
  3 great orbs of eyes
  6 entropy weavers
  A spriggan zombie (Abyss:2)
  A catoblepas (Lair:5)
  Erolcha (Orc:2)
  5 jorogumos
  6 vault guards
  5 radroaches
  5 hydras
  An ogre mage (D:10)
  A two-headed ogre (D:10)
  6 centaur warriors
  8 ironbound frosthearts
  5 alligator snapping turtles
  4 death yaks
  4 boulder beetles
  Erica (D:9)
  4 merfolk avatars
  2 orc high priests
  A satyr (Shoals:4)
  7 merfolk aquamancers
  2 sun demons
  2 hell knights (Vaults:2)
  10 skeletal warriors
  A wretched star (Abyss:2)
  6 pharaoh ants
  3 sixfirhies (Gauntlet)
  9 sea snakes
  A fire crab (Lair:2)
  A sun moth (Spider:3)
  A flayed ghost (Abyss:2)
  8 orb spiders
  18 deep trolls
  7 wizards
  10 lindwurms
  13 ironbound convokers
  10 steelbarb worms
  A phantasmal warrior (D:14)
  A deep elf archer (Volcano)
  2 necromancers (Vaults:2)
  18 harpies
  12 deep elf pyromancers
  15 orc knights
  29 ugly things
  15 fauns
  24 wolf spiders
  An orc sorcerer (Orc:2)
  2 oklob plants
  5 cyclopes
  2 moths of wrath
  27 elephants
  11 vault sentinels
  7 demonic crawlers
  A human skeleton (Vaults:2)
  6 merfolk sirens
  Maurice (D:8)
  2 black mambas
  14 water nymphs
  8 manticores
  2 smoke demons
  4 ice statues
  17 cane toads
  2 gargoyles
  An orange demon (Lair:5)
  6 kobold demonologists
  A fire giant skeleton (Vaults:2)
  3 torpor snails
  11 komodo dragons
  A minotaur zombie (Gauntlet)
  33 yaktaurs
  3 unseen horrors
  Psyche (D:8)
  An unseen horror zombie (D:9)
  A yaktaur (shapeshifter) (D:13)
  4 rime drakes
  2 tengu conjurers (D:13)
  An efreet (D:13)
  A yaktaur skeleton (Vaults:2)
  5 freezing wraiths
  3 ice devils (Lair:5)
  3 ancient zymes (Abyss:2)
  4 meliai
  17 merfolk
  A polar bear (Lair:1)
  10 trolls
  9 wind drakes
  3 hornets
  33 tarantellas
  6 dream sheep
  8 snapping turtles
  Prince Ribbit (D:5)
  10 blink frogs
  30 culicivoras
  7 air elementals (Shoals:4)
  23 jumping spiders
  15 slime creatures
  4 ettin skeletons (Vaults:2)
  3 large abominations (Abyss:2)
  A vampire (D:10)
  A ynoxinul (Abyss:2)
  A culicivora (shapeshifter) (D:10)
  21 water elementals
  5 wraiths
  38 yaks
  2 shadows
  4 wyverns
  2 fire elementals (Volcano)
  A neqoxec (Abyss:2)
  17 humans (D:14)
  A vampire mosquito (D:10)
  9 starcursed masses (Abyss:2)
  A golden eye (Abyss:2)
  6 basilisks
  A steam dragon (D:10)
  Grum (D:8)
  58 redbacks
  2 elf skeletons (Vaults:2)
  A death yak simulacrum (Lair:5)
  2 harpy simulacra (IceCv)
  A naga zombie (Abyss:2)
  13 wargs
  8 hell hounds
  2 acid dragons
  18 water moccasins
  A hydra simulacrum (IceCv)
  2 sky beasts
  2 black bears (D:6)
  57 orc warriors
  An ice beast (D:8)
  14 wolves
  3 ogres
  4 boggarts (Vaults:1)
  The ghost of Stoves66 the Magician, an amateur DjEE (D:3)
  A wolf (shapeshifter) (Vaults:1)
  5 centaurs
  2 kobold brigands
  A gnoll sergeant (D:9)
  5 scorpions
  16 bullfrogs
  A necrophage (D:4)
  3 cane toad simulacra (Lair:5)
  A water moccasin skeleton (D:3)
  14 wights
  6 small abominations (Abyss:2)
  5 killer bees
  2 elephant simulacra
  2 electric eels (Lair:3)
  7 howler monkeys
  2 centaur zombies (D:9)
  4 hounds
  2 jellies
  A bullfrog skeleton (D:3)
  Crazy Yiuf (D:5)
  20 orc priests
  2 gnoll boudas
  3 iguanas
  27 orc wizards
  2 polar bear simulacra (IceCv)
  2 wolf simulacra (IceCv)
  2 howler monkey zombies
  8 adders
  13 gnolls
  6 shadow imps
  4 white imps
  4 ufetubi
  A worm (D:2)
  3 dart slugs
  118 orcs
  6 bats
  4 endoplasms
  6 giant cockroaches
  13 goblins
  8 hobgoblins
  5 jackals
  2 quokkas
  8 ball pythons
  3 frilled lizards
  19 kobolds
  9 rats
  A bush (Lair:2)
  2 starspawn tentacles (Abyss:2)
  A tentacle (Shoals:1)
1432 creatures vanquished.

Vanquished Creatures (collateral kills)
  A vault warden (Vaults:3)
  An ironbound thunderhulk (Vaults:3)
  An entropy weaver (Spider:3)
  A vault guard (Vaults:3)
  A merfolk avatar (Shoals:1)
  3 centaur warriors
  A death knight (D:14)
  A deep troll (Vaults:1)
  A sea snake (Shoals:1)
  An orb spider (Spider:1)
  2 wolf spiders (Spider:1)
  2 manticores
  A cyclops (Shoals:3)
  2 slime creatures (Vaults:3)
  A gargoyle (D:14)
  4 yaktaurs (Vaults:1)
  A merfolk (Shoals:1)
  2 tarantellas
  A dream sheep (Shoals:3)
  A culicivora (Spider:4)
  2 redbacks (Spider:1)
  A human (D:14)
  An orc warrior (D:14)
33 creatures vanquished.

Vanquished Creatures (others)
  A merfolk impaler (Shoals:4)
  An ironbound convoker (Vaults:2)
  A black mamba (Lair:2)
  A rime drake (Gauntlet)
  A yaktaur (Vaults:3)
  A red devil (Lair:5)
  An orc wizard (D:7)
  34 demonic plants (Gauntlet)
  30 fungi
  105 plants
  4 starspawn tentacles (Abyss:2)
  5 tentacles (Shoals:1)
185 creatures vanquished.

Grand Total: 1650 creatures vanquished

Notes
Turn   | Place    | Note
-------+----------+-------------------------------------------
     0 | D:1      | Turgor the Demonspawn Gladiator began the quest for the
                  | Orb.
     0 | D:1      | Reached XP level 1. HP: 16/16 MP: 1/1
   133 | D:1      | Found Noiv's Jewellery Boutique.
   168 | D:1      | Gained mutation: You have a pair of small horns on your
                  | head. [demonic ancestry]
   168 | D:1      | Reached XP level 2. HP: 22/22 MP: 2/2
   540 | D:1      | Found Pusk's Jewellery Emporium.
   850 | D:2      | Reached XP level 3. HP: 28/28 MP: 3/3
  1463 | D:2      | Gained mutation: You have a pair of horns on your head.
                  | [demonic ancestry]
  1463 | D:2      | Reached XP level 4. HP: 34/34 MP: 4/4
  2014 | D:3      | Found a faded altar of an unknown god.
  2039 | D:3      | Found Sifoin's Armour Emporium.
  2658 | D:3      | Found a runed translucent gate.
  2658 | D:3      | Found a runed translucent gate.
  2658 | D:3      | Found a runed translucent gate.
  2667 | D:3      | Noticed Stoves66's ghost (amateur DjEE)
  2894 | D:4      | Gained mutation: You are partially covered in sharp spines.
                  | [demonic ancestry]
  2894 | D:4      | Reached XP level 5. HP: 32/41 MP: 5/5
  3056 | D:4      | Found a staircase to the Ecumenical Temple.
  3065 | D:4      | Reached skill level 1 in Unarmed Combat
  3070 | Temple   | Entered the Ecumenical Temple
  3288 | Temple   | Became a worshipper of Gozag Ym Sagoz the Greedy
  3705 | D:5      | Entered Level 5 of the Dungeon
  3724 | D:5      | Reached skill level 2 in Unarmed Combat
  3797 | D:5      | Noticed Prince Ribbit
  3807 | D:5      | Reached XP level 6. HP: 32/48 MP: 6/6
  3810 | D:5      | Killed Prince Ribbit
  3811 | D:5      | Reached skill level 3 in Unarmed Combat
  3995 | D:5      | Gained mutation: You are mostly covered in sharp spines.
                  | [demonic ancestry]
  3995 | D:5      | Reached XP level 7. HP: 55/55 MP: 7/7
  4000 | D:5      | Reached skill level 4 in Unarmed Combat
  4246 | D:5      | Reached skill level 5 in Fighting
  4246 | D:5      | Reached skill level 5 in Unarmed Combat
  4436 | D:5      | Gained mutation: You are completely covered in sharp
                  | spines. [demonic ancestry]
  4436 | D:5      | Reached XP level 8. HP: 63/63 MP: 8/8
  4597 | D:5      | Found a runed translucent door.
  4598 | D:5      | Noticed Crazy Yiuf
  4604 | D:5      | Killed Crazy Yiuf
  4684 | D:5      | Upgraded the game from 0.30-a0-696-g2367cd04db to
                  | 0.30-a0-702-gdf48620a09
  4806 | D:6      | Reached skill level 6 in Unarmed Combat
  5329 | D:6      | Found a blossoming altar of Fedhas.
  5336 | D:6      | Reached skill level 7 in Unarmed Combat
  5350 | D:6      | Found an iron altar of Okawaru.
  5535 | D:6      | Found a burning altar of Makhleb.
  5659 | D:7      | Found a transporter.
  5662 | D:7      | Noticed a kobold demonologist
  5675 | D:7      | Found a transporter.
  5684 | D:7      | Noticed a kobold demonologist
  5844 | D:7      | Gained mutation: You are partially covered in rugged brown
                  | scales. (AC +1, +3% HP) [demonic ancestry]
  5844 | D:7      | Reached XP level 9. HP: 54/73 MP: 9/9
  5934 | D:7      | Reached skill level 8 in Unarmed Combat
  6073 | D:7      | Found a shimmering blue altar of Sif Muna.
  6532 | D:7      | Identified a scroll of acquirement
  6591 | D:7      | Reached skill level 9 in Unarmed Combat
  6833 | D:8      | Found a shadowy altar of Dithmenos.
  6940 | D:8      | Noticed Maurice
  6973 | D:8      | Killed Maurice
  7132 | D:8      | Found a flagged portal.
  7175 | Bailey   | Entered a bailey
  7237 | Bailey   | Learned a level 1 spell: Apportation
  7360 | Bailey   | Reached skill level 10 in Unarmed Combat
  7456 | Bailey   | Upgraded the game from 0.30-a0-702-gdf48620a09 to
                  | 0.30-a0-711-gf4ac18a38d
  7461 | Bailey   | Reached XP level 10. HP: 84/84 MP: 10/10
  7960 | D:8      | Found a staircase to the Lair.
  7971 | D:8      | Noticed Psyche
  7979 | D:8      | Killed Psyche
  7980 | D:8      | Reached skill level 1 in Armour
  8162 | D:8      | Found Veg Delei's Tremendous Tomes.
  8422 | D:8      | Noticed Grum
  8434 | D:8      | Killed Grum
  8921 | D:8      | Reached skill level 11 in Unarmed Combat
  9707 | D:9      | Noticed Erica
  9717 | D:9      | Killed Erica
  9718 | D:9      | Reached XP level 11. HP: 80/91 MP: 11/11
 10019 | D:9      | Found a sparkling altar of Nemelex Xobeh.
 10019 | D:9      | Found a sacrificial altar of Ru.
 10025 | D:9      | Found a broken altar of Ashenzari.
 10028 | D:9      | Found an ornate altar of the Wu Jian Council.
 10030 | D:9      | Found a radiant altar of Vehumet.
 10035 | D:9      | Found a hide-covered altar of Uskayaw.
 10478 | D:10     | Entered Level 10 of the Dungeon
 10598 | D:10     | Noticed a centaur warrior
 10629 | D:10     | Killed a centaur warrior
 11266 | D:10     | Reached skill level 12 in Unarmed Combat
 11357 | D:10     | Reached skill level 10 in Fighting
 11851 | D:10     | Noticed a two-headed ogre
 12023 | D:10     | Noticed a deep elf pyromancer
 12125 | D:10     | Reached skill level 5 in Throwing
 12400 | D:10     | Noticed a centaur warrior
 12427 | D:10     | Killed a centaur warrior
 12428 | D:10     | Reached skill level 5 in Armour
 12447 | D:10     | Noticed an ogre mage
 12447 | D:10     | Paralysed by an ogre mage for 4 turns
 12457 | D:10     | Killed an ogre mage
 12523 | D:10     | Noticed a two-headed ogre
 12535 | D:10     | Killed a two-headed ogre
 12990 | D:10     | Reached XP level 12. HP: 84/101 MP: 12/12
 13279 | D:11     | Reached skill level 13 in Unarmed Combat
 13491 | D:11     | Identified the +7 dagger of Bloody Death {heavy, +Blink rF+
                  | Int+3 Dex+3}
 13522 | D:11     | Found a staircase to the Orcish Mines.
 14606 | Lair:1   | Entered Level 1 of the Lair of Beasts
 15007 | Lair:1   | Noticed Gastronok
 15034 | Lair:1   | Killed Gastronok
 15191 | Lair:1   | Found a runed translucent door.
 15643 | Lair:2   | Reached skill level 14 in Unarmed Combat
 15846 | Lair:2   | Noticed a death yak
 15846 | Lair:2   | Noticed a death yak
 15925 | Lair:2   | Noticed a death yak
 15999 | Lair:2   | Killed a death yak
 16505 | Lair:2   | Killed a death yak
 16506 | Lair:2   | Gained mutation: You may rarely emit foul miasma when
                  | damaged in melee. [demonic ancestry]
 16506 | Lair:2   | Reached XP level 13. HP: 101/110 MP: 13/13
 16655 | Lair:2   | Found a staircase to the Shoals.
 17806 | Lair:2   | Reached skill level 15 in Unarmed Combat
 17895 | Lair:3   | Found a hole to the Spider Nest.
 18257 | Lair:3   | Identified the ring of Qigheabb {Will+ Str+3 Int-3 SInv}
 19111 | Lair:4   | Found a dark tunnel.
 19126 | Volcano  | Entered a volcano
 19427 | Lair:4   | Reached XP level 14. HP: 119/119 MP: 14/14
 19447 | Lair:4   | Reached skill level 16 in Unarmed Combat
 19764 | Lair:4   | Identified the +2 triple sword of Beyond {freeze, rF+}
 19927 | Lair:4   | Found a staircase to the Slime Pits.
 20034 | Lair:4   | Found a bloodstained altar of Trog.
 20346 | Lair:5   | Entered Level 5 of the Lair of Beasts
 20588 | Lair:5   | Found a frozen archway.
 20607 | IceCv    | Entered an ice cave
 20642 | IceCv    | Identified the +2 hand axe "Eklar" {flame, rElec Will+
                  | Str+3 Int-4}
 20981 | IceCv    | Identified the +5 battleaxe of the Kidney {venom, rC+ rN+
                  | Will-}
 21277 | Lair:5   | Reached skill level 1 in Evocations
 21830 | Lair:5   | Reached skill level 10 in Armour
 22133 | Lair:5   | Found a burning altar of Makhleb.
 22404 | Lair:5   | Found a gateway to Hell.
 22664 | Orc:1    | Entered Level 1 of the Orcish Mines
 23066 | Orc:2    | Entered Level 2 of the Orcish Mines
 23166 | Orc:2    | Noticed Erolcha
 23435 | Orc:2    | Found a staircase to the Elven Halls.
 23722 | Orc:2    | Killed Erolcha
 23793 | Orc:2    | Found Qoteopuq's Antique Armour Boutique.
 23833 | Orc:2    | Found Dafodud's General Store.
 23919 | Orc:2    | Bought a potion of might for 52 gold pieces
 23971 | Orc:2    | Gained mutation: You are mostly covered in rugged brown
                  | scales. (AC +2, +5% HP) [demonic ancestry]
 23971 | Orc:2    | Reached XP level 15. HP: 74/132 MP: 15/15
 24230 | Orc:2    | Found Void's Antique Armour Boutique.
 24230 | Orc:2    | Found Iqostu's Distillery.
 24275 | Orc:2    | Bought a potion of curing for 42 gold pieces
 24275 | Orc:2    | Bought a potion of curing for 42 gold pieces
 24275 | Orc:2    | Bought a potion of heal wounds for 70 gold pieces
 24275 | Orc:2    | Bought a potion of berserk rage for 70 gold pieces
 24275 | Orc:2    | Bought a potion of mutation for 112 gold pieces
 24275 | Orc:2    | Bought a potion of curing for 42 gold pieces
 24275 | Orc:2    | Bought a potion of brilliance for 56 gold pieces
 24284 | Orc:2    | Bought an ichor-stained hat for 261 gold pieces
 24284 | Orc:2    | Identified the +1 hat of the Freezing Gods {rF+} (You
                  | bought it in a shop on level 2 of the Orcish Mines)
 24978 | Orc:2    | Bought a steaming plate armour for 784 gold pieces
 24978 | Orc:2    | Identified the +2 plate armour of the Hills {Dex+3} (You
                  | bought it in a shop on level 2 of the Orcish Mines)
 25191 | D:3      | Killed Stoves66's ghost
 25934 | D:12     | Reached skill level 17 in Unarmed Combat
 25934 | D:12     | Reached skill level 5 in Evocations
 27695 | D:14     | Found a gate leading to a gauntlet.
 27710 | Gauntlet | Entered a Gauntlet
 27710 | Gauntlet | Found a transporter.
 27710 | Gauntlet | Found a transporter.
 27714 | Gauntlet | Found a transporter.
 27714 | Gauntlet | Found a transporter.
 27732 | Gauntlet | Found a transporter.
 27739 | Gauntlet | Found a transporter.
 27741 | Gauntlet | Found a transporter.
 27765 | Gauntlet | Found a transporter.
 27766 | Gauntlet | Found a transporter.
 27804 | Gauntlet | Found a transporter.
 27848 | Gauntlet | Found a transporter.
 27862 | Gauntlet | Found a transporter.
 27884 | Gauntlet | Found a transporter.
 27979 | Gauntlet | Found a transporter.
 27993 | Gauntlet | Found a transporter.
 28006 | Gauntlet | Found a transporter.
 28145 | Abyss:2  | Found a corrupted altar of Lugonu.
 28145 | Abyss:2  | Cast into level 2 of the Abyss (a wizard)
 28290 | Abyss:2  | Noticed an ancient lich
 28356 | Abyss:2  | Noticed a tentacled starspawn
 28372 | Abyss:2  | Killed a tentacled starspawn
 28435 | Abyss:2  | Found a corrupted altar of Lugonu.
 28462 | Abyss:2  | Found a corrupted altar of Lugonu.
 28540 | Gauntlet | Escaped the Abyss
 28565 | Gauntlet | Identified the -2 cloak of Valour {rN+++}
 29245 | Abyss:2  | Cast into level 2 of the Abyss (a wizard)
 29310 | Abyss:2  | Noticed a tentacled starspawn
 29320 | Abyss:2  | Killed a tentacled starspawn
 29395 | D:14     | Escaped the Abyss
 29523 | D:14     | Found a gate to the Vaults.
 29723 | D:15     | Entered Level 15 of the Dungeon
 29805 | D:15     | Reached XP level 16. HP: 138/140 MP: 16/16
 30259 | D:15     | Reached skill level 15 in Fighting
 30477 | D:15     | Found a staircase to the Depths.
 30600 | D:15     | Identified the +0 pair of boots of the Harvest Moon {+Blink
                  | Fly rF- Dex+4}
 30963 | Lair:1   | Bought a distressingly furry hat for 360 gold pieces
 30963 | Lair:1   | Identified the +0 hat of Analysis {Harm Dex+4} (You bought
                  | it in a shop on level 1 of the Lair of Beasts)
 30967 | Lair:1   | Acquired 1026 gold pieces
 31045 | Spider:1 | Entered Level 1 of the Spider Nest
 31520 | Spider:1 | Identified the +7 war axe "Ofilowaz" {heavy, rPois Will++}
 31613 | Spider:1 | Reached skill level 10 in Throwing
 31840 | Spider:1 | Upgraded the game from 0.30-a0-711-gf4ac18a38d to
                  | 0.30-a0-715-gdb4ae3ece1
 32132 | Spider:1 | Reached skill level 10 in Evocations
 32371 | Spider:2 | Identified the +5 whip of Chance {antimagic, Fragile Fly
                  | rC+++ Stlth+}
 32641 | Spider:2 | Reached skill level 18 in Unarmed Combat
 33707 | Spider:3 | Found a runed translucent gate.
 33708 | Spider:3 | Found a runed translucent gate.
 33983 | Spider:3 | Reached skill level 1 in Translocations
 33989 | Spider:3 | Gained mutation: You have a pair of large horns on your
                  | head. [demonic ancestry]
 33989 | Spider:3 | Reached XP level 17. HP: 137/150 MP: 18/18
 34009 | Spider:3 | Reached skill level 1 in Spellcasting
 34676 | Spider:3 | Found a runed translucent gate.
 34677 | Spider:3 | Noticed Duhoah Foli's ghost (adept AtWn)
 34829 | Spider:4 | Entered Level 4 of the Spider Nest
 36363 | Spider:4 | Noticed Mlioglotl
 36371 | Spider:4 | Killed Mlioglotl
 36800 | Spider:4 | Got a gossamer rune of Zot
 36992 | Lair:3   | Bought the amulet of Baaxuh {Acrobat Regen+} for 629 gold
                  | pieces
 36992 | Lair:3   | Bought the ring "Ruos" {rN+ Str+5} for 637 gold pieces
 36992 | Lair:3   | Bought the ring "Yqib" {rElec rPois rF++ rN+ MP-9} for 625
                  | gold pieces
 37079 | Lair:1   | Bought the +1 cloak of the Sky {rC+} for 376 gold pieces
 37155 | Shoals:1 | Entered Level 1 of the Shoals
 37332 | Shoals:1 | Found a transporter.
 37373 | Shoals:1 | Found a transporter.
 37802 | Shoals:1 | Noticed a kraken
 37812 | Shoals:1 | Killed a kraken
 37902 | Shoals:1 | Gained mutation: You sometimes emit foul miasma when
                  | damaged in melee. [demonic ancestry]
 37902 | Shoals:1 | Reached XP level 18. HP: 160/160 MP: 13/22
 39905 | Shoals:3 | Reached skill level 19 in Unarmed Combat
 39911 | Shoals:3 | Identified the amulet "Pott" {Drain rN+ Regen+ rCorr Int+6}
 40370 | Shoals:4 | Entered Level 4 of the Shoals
 40412 | Shoals:4 | Paralysed by an air elemental for 1 turns
 40664 | Shoals:4 | Paralysed by an air elemental for 1 turns
 40729 | Shoals:4 | Paralysed by an air elemental for 1 turns
 41343 | Shoals:4 | Paralysed by an air elemental for 1 turns
 41542 | Shoals:4 | Paralysed by an air elemental for 1 turns
 41545 | Shoals:4 | Paralysed by an air elemental for 1 turns
 41791 | Shoals:4 | Identified the +3 hand axe "Liemnix" {vamp, rPois rF++
                  | Str+3 Dex-5}
 42215 | Shoals:4 | Got a barnacled rune of Zot
 42221 | Shoals:4 | Got Sif Muna's Octavo of Angles and Nausea
 42585 | Vaults:1 | Entered Level 1 of the Vaults
 42915 | Vaults:1 | Gained mutation: You are completely covered in rugged brown
                  | scales. (AC +3, +7% HP) [demonic ancestry]
 42915 | Vaults:1 | Reached XP level 19. HP: 162/173 MP: 14/23
 43495 | Vaults:1 | Identified the +0 pair of boots of Kaukoaku {Harm}
 44912 | Vaults:2 | Noticed Aizul
 44922 | Vaults:2 | Killed Aizul
 45308 | Vaults:2 | Noticed Margery
 45885 | Vaults:2 | Killed Margery
 46269 | Vaults:2 | Found a portal to a secret trove of treasure.
 46272 | Vaults:2 | You paid a toll of 6 scrolls of fog to enter a treasure
                  | trove
 46273 | Trove    | Entered a treasure trove
 46356 | Trove    | Got the Vellum of Productive Embers
 46359 | Trove    | Got the Elucidation of Phantasms
 46365 | Trove    | Got Zythrasat's Parchment of the Crevasse and Kinetic
                  | Energy
 46368 | Trove    | Got the Discursus on Tephra
 46583 | Vaults:2 | Reached skill level 20 in Unarmed Combat
 46914 | Vaults:2 | Found a staircase to the Crypt.
 47167 | Vaults:3 | Reached XP level 20. HP: 121/184 MP: 24/24
 47883 | Vaults:3 | Killed from afar by an ironbound thunderhulk

Illustrated notes

Levels and vault maps discovered:
D:1:      eino_arrival_water_star, layout_loops_ring, serial_shops,
          nicolae_shop_hallway_plus, shop
D:2:      wander_river, layout_basic
D:3:      layout_basic, serial_shops, nicolae_lakefront_shop,
          hellmonk_ecumenical_altar_zigzags, gammafunk_ghost_necromancy,
          minmay_vboxes
D:4:      layout_loops_cross, minmay_temple_entry_waves, serial_glass,
          glass_columns_a, glass_columns_b
D:5:      layout_rooms, uniq_crazy_yiuf_cottage, uniq_prince_ribbit1
D:6:      layout_rooms, makhleb_blood_cavern_becter, minitemple
D:7:      gammafunk_wand_slinger, layout_basic, mainiacjoe_overflow_24_doors
D:8:      layout_loops_ring, amcnicky_altar_gilded, lair_entry_dummy,
          enter_bailey_3, nicolae_shop_i_like_big_books, uniq_maurice,
          uniq_grum, uniq_psyche
D:9:      layout_basic, dreamdust_divine_triumvirate,
          nicolae_overflow_hallway_of_the_gods, serial_undead, serial_undead_c,
          serial_undead_a, serial_undead_c, serial_undead_c, serial_undead_c,
          serial_undead_d, uniq_erica
D:10:     minmay_quarter_circles, layout_irregular_city, lightli_orcish_oven
D:11:     layout_basic, erik_orc_4
D:12:     layout_roguey
D:13:     layout_loops_ring
D:14:     layout_basic, grunt_vaults_entry_tiered, gauntlet_entry_generic
D:15:     hangedman_depths_entry_try_elsewhere_first, layout_loops_ring,
          small_statue_alley_a
Temple:   nicolae_temple_bog_church
Lair:1:   dreamdust_labyrinth, layout_chaotic_city, bh_autumn_forest_stairs,
          uniq_gastronok
Lair:2:   nzn_winding_woodlands_large [nzn_winding_woodlands_5x5_perimeter,
          nzn_winding_woodlands_5x15_zeroes,
          nzn_winding_woodlands_5x5_open_star,
          nzn_winding_woodlands_center_garden,
          nzn_winding_woodlands_15x15_killbox,
          nzn_winding_woodlands_center_lodge, nzn_winding_woodlands_5x5_cross,
          nzn_winding_woodlands_5x15_concentric,
          nzn_winding_woodlands_hourglass], layout_gridlike,
          elwin_shoals_entry_rocks, minmay_lair_oklob_bushes
Lair:3:   layout_loops_ring, nicolae_spider_entry_orb_guardian,
          beast_lair_carwin_6, grunt_megastairs_2, serial_bayou_shore_a
Lair:4:   layout_loops_ring, slime_entry_1, nicolae_volcano_entry_two_sided,
          basic_altar
Lair:5:   evil_forest, layout_gridlike, portal_ice_cave_entry_ice_simulacra,
          nicolae_quartered_pool_impasse
Shoals:1: gammafunk_sealed_arena, layout_shoals
Shoals:2: layout_shoals
Shoals:3: layout_shoals
Shoals:4: shoals_end_hellmonk_storm_palace [storm_palace_center_ruins,
          storm_palace_corner_grid, storm_palace_corner_narrow,
          storm_palace_corner_reverse_hut, storm_palace_corner_blocked]
Spider:1: layout_spider_delve
Spider:2: layout_cave_pods, hellmonk_narrow_tunnel
Spider:3: cheibrodos_forgotten_conduit, gammafunk_ghost_tricky_traps
Spider:4: grunt_spider_rune_parallel, uniq_mlioglotl
Orc:1:    layout_caves
Orc:2:    st_orc_town, layout_caves, mines3_lemuel, uniq_erolcha
Vaults:1: v_misc_25, v_misc_27, v_misc_15, st_check, v_misc_16,
          vaults_room_pool, vaults_room_fours, v_rooms_4, vaults_room_corners,
          grunt_vaults_hallway_short, layout_vaults_omnicross
Vaults:2: minmay_crypt_entry_skeletal_spiral, v_alt_pattern_5,
          ontoclasm_vaults_loading_screen, nicolae_vaults_network_barrier,
          v_misc_11, vaults_dpeg_spiral, v_pattern_3,
          vaults_room_stairs_pillars, grunt_vaults_swirl, special_room_vaults
          [special_room_orc], nicolae_vaults_arrows, vaults_mumra_lcd,
          ontoclasm_vaults_decontamination, layout_vaults_omnibox,
          trove_entry_hex_spiral, uniq_margery, uniq_aizul
Vaults:3: nzn_ghost_randoct, v_misc_18, ontoclasm_vaults_ring_small,
          nicolae_vaults_little_squares_3, v_alt_pattern_1,
          ontoclasm_vaults_shuriken, v_pattern_4, nicolae_vaults_sealed_display,
          nicolae_vaults_little_squares_6, vaults_dpeg_emergency_exit,
          layout_vaults_omnigrid

Skill      XL: |  1  2  3  4  5  6  7  8  9 10 11 12 13 14 15 16 17 18 19 |
---------------+----------------------------------------------------------+-----
Axes           | 3 4 |  4.4
Throwing       | 2 4 5 6 9 10 11 12 13 | 13.7
Dodging        | 3 |  3.0
Fighting       | 3 4 5 6 8 9 10 11 12 14 16 17 18 | 18.8
Unarmed Combat | 2 3 5 7 10 11 12 14 15 16 17 18 19 20 | 20.2
Armour         | 3 5 7 9 10 11 12 13 | 13.7
Evocations     | 4 7 10 11 12 | 12.0
Translocations | 1 2 |  2.7
Spellcasting   | 2 |  2.7

Action                     |  1- 3 |  4- 6 |  7- 9 | 10-12 | 13-15 | 16-18 | 19-21 || total
---------------------------+-------+-------+-------+-------+-------+-------+-------++-------
  Melee: War axe           |   101 |    83 |   146 |       |       |       |       ||   330
         Headbutt          |    14 |    15 |    39 |   175 |   380 |   407 |   229 ||  1259
         Punch             |     1 |     1 |    11 |    55 |   161 |   187 |   110 ||   526
         Unarmed           |       |       |    57 |   575 |  1344 |  1338 |   603 ||  3917
         Hand axe          |       |       |       |       |     7 |    20 |       ||    27
   Fire: Sling             |     7 |       |       |       |       |       |       ||     7
  Throw: Dart              |     2 |     5 |    99 |    30 |    43 |   116 |    36 ||   331
         Boomerang         |       |       |    15 |    83 |    71 |   148 |       ||   317
         Throwing net      |       |       |     3 |       |       |       |       ||     3
         Javelin           |       |       |     1 |       |     2 |    21 |     8 ||    32
   Cast: Apportation       |       |       |     3 |       |       |       |       ||     3
 Invoke: Call Merchant     |       |       |       |       |       |     6 |       ||     6
  Evoke: Wand              |       |     7 |     7 |     8 |    47 |    37 |     6 ||   112
         Box of beasts     |       |       |       |       |     3 |     7 |     3 ||    13
         Tin of tremorston |       |       |       |       |     2 |     5 |     6 ||    13
         Phial of floods   |       |       |       |       |     1 |     3 |     3 ||     7
         Condenser vane    |       |       |       |       |       |     5 |     4 ||     9
         Phantom mirror    |       |       |       |       |       |     2 |     3 ||     5
         Lightning rod     |       |       |       |       |       |       |    10 ||    10
    Use: Scroll            |       |    14 |     4 |     7 |     8 |     7 |       ||    40
         Potion            |       |       |       |     3 |     1 |    11 |       ||    15
   Stab: Sleeping          |       |     1 |       |     2 |       |       |       ||     3
         Distracted        |       |       |       |     3 |     4 |    10 |     6 ||    23
         Invisible         |       |       |       |       |       |     2 |       ||     2
 Armour: Leather armour    |    32 |    21 |    55 |   129 |       |       |       ||   237
         Chain mail        |       |       |       |    32 |   632 |   769 |   218 ||  1651
  Dodge: Dodged            |    62 |    48 |   117 |   186 |   339 |   500 |   225 ||  1477

Table legend: (Time is in decaauts)
 A = Elapsed time spent in this place.
 B = Non-inter-level travel time spent in this place.
 C = Inter-level travel time spent in this place.
 D = Time resting spent in this place.
 E = Time spent auto-exploring this place.
 F = Levels seen in this place.
 G = Mean time per level.
                   A        B        C        D        E       F      G
               +--------+--------+--------+--------+--------+-----+--------+
         Total |  46792 |  43377 |   3415 |   4772 |  24294 |  41 | 1141.3 |
       Dungeon |  18368 |  16539 |   1829 |   1530 |  11001 |  15 | 1224.5 |
        Temple |    239 |    212 |     27 |      0 |    174 |   1 |  239.0 |
          Lair |   7836 |   7100 |    736 |    929 |   3654 |   5 | 1567.2 |
        Shoals |   4950 |   4736 |    214 |    555 |   2474 |   4 | 1237.5 |
   Spider Nest |   5647 |   5365 |    282 |    919 |   2635 |   4 | 1411.8 |
  Orcish Mines |   2279 |   2128 |    151 |    168 |   1219 |   2 | 1139.5 |
        Vaults |   4810 |   4637 |    173 |    527 |   2392 |   3 | 1603.3 |
         Abyss |    496 |    496 |      0 |      0 |     12 |   2 |  248.0 |
         Trove |    208 |    208 |      0 |      0 |     69 |   1 |  208.0 |
        Bailey |    754 |    754 |      0 |      0 |    453 |   1 |  754.0 |
      Ice Cave |    378 |    378 |      0 |    129 |     26 |   1 |  378.0 |
       Volcano |    267 |    267 |      0 |     12 |      0 |   1 |  267.0 |
      Gauntlet |    554 |    554 |      0 |      0 |    184 |   1 |  554.0 |
               +--------+--------+--------+--------+--------+-----+--------+

Top non-repeatable levels by time:
    D:10: 2772 daAuts
Vaults:2: 2591 daAuts
  Lair:2: 2112 daAuts
     D:8: 1945 daAuts
Spider:4: 1913 daAuts
     D:9: 1848 daAuts
Shoals:4: 1838 daAuts
   Orc:2: 1729 daAuts
  Lair:1: 1717 daAuts
  Lair:5: 1611 daAuts
Vaults:1: 1496 daAuts
     D:7: 1470 daAuts
Spider:3: 1419 daAuts
  Lair:3: 1359 daAuts
     D:2: 1295 daAuts
